 Dungeon Crawl Stone Soup version 0.26-a0-490-gf8362a0c98 (webtiles) character file.

Game seed: 10396615310022481476

2 ANON1729 the Sneak (level 1, -4/19 HPs)
             Began as a Palentonga Delver on Aug 4, 2020.
             Slain by a sky beast (6 damage)
             ... on level 5 of the Dungeon.
             The game lasted 00:01:09 (89 turns).

ANON1729 the Sneak (Palentonga Delver)                Turns: 89, Time: 00:01:09

Health: -4/19      AC:  4    Str: 15    XL:     1   Next: 25%
Magic:  1/1        EV:  9    Int: 10    God:
Gold:   0          SH:  0    Dex: 11    Spells: 0/0 levels left

rFire    . . .     SeeInvis +   a - +0 falchion
rCold    . . .     Faith    .   (no shield)
rNeg     . . .     Spirit   .   b - +0 leather armour
rPois    .         Reflect  .   (no helmet)
rElec    .         Harm     .   (no cloak)
rCorr    .                      (no gloves)
MR       .....                  (boots restricted)
Stlth    ++........             (no amulet)
HPRegen  0.06/turn              (no ring)
MPRegen  0.07/turn              (no ring)

@: no status effects
A: large, rugged brown scales 3, see invisible, deformed body, roll, armoured
tail
a: Rolling Charge


You were on level 5 of the Dungeon.
You visited 1 branch of the dungeon, and saw 1 of its levels.

Inventory:

Hand Weapons
 a - a +0 falchion (weapon)
Armour
 b - a +0 leather armour (worn)
Wands
 g - a wand of digging (3)
Scrolls
 c - a scroll of fog
 d - a scroll of magic mapping
 e - a scroll of fear
 h - a scroll of teleportation {unknown}
Potions
 f - a potion of haste


   Skills:
 + Level 3.0 Fighting
 + Level 2.0 Long Blades
 + Level 1.6 Dodging
 + Level 3.4 Stealth


You couldn't memorise any spells.
You didn't know any spells.
Your spell library was empty.

Dungeon Overview and Level Annotations

Branches:
Dungeon (5/15)
 Temple: D:4-7

Altars:
Cheibriados


Innate Abilities, Weirdness & Mutations

You are completely covered in rugged brown scales. (AC +3, +7% HP)
You have supernaturally acute eyesight. (SInv)
Armour fits poorly on your strangely shaped body.
You can roll at foes to attack.
You have a long armoured tail.


Message History

Found a war axe.
The orc hits you but does no damage.
You see here a war axe.
You slash the orc!
You kill the orc!
Press: ? - help, v - describe, . - travel, g - get item
Items here: a +3 dagger; a +0 scale mail; an orc corpse.
The floor, spattered with blood.
The sky beast flickers out of sight for a moment.
You see here a war axe.
The sky beast hits you. The sky beast shocks you.
* * * LOW HITPOINT WARNING * * *
Found a hand axe.
You open the door.
The sky beast hits you but does no damage.
There is an open door here.
You open the door. The sky beast hits you.
* * * LOW HITPOINT WARNING * * *
The sky beast shocks you.
You die...

.... #....###).l.......... ....#
###Y##.#....###........ #...#
###(..####.#.## #.....###
#..###....## #.#)# #...#####
#.....#.## ##..# #......).
##.....####+#########...####.
##..##### #...#.###......#####
####..## +.⌠.Y.....##........
......###### #..@#.##..#.........
......##...####'####..........###
......#.....##.. ##s...)####...#
.....l#Z....s##_##......# ##..##
.....Y..Y.....###.......# ##...
..>....#Z......#....?...# #...
......##................# #..(
......##................# #...
......##...............## #...


You could see a sky beast.

Vanquished Creatures
  An orc (D:5)
1 creature vanquished.

Notes
Turn   | Place    | Note
-------+----------+-------------------------------------------
     0 | D:5      | ANON1729 the Palentonga Delver began the quest for the Orb.
     0 | D:5      | Reached XP level 1. HP: 19/19 MP: 1/1
    13 | D:5      | Noticed an iguana
    24 | D:5      | Noticed a sky beast
    89 | D:5      | Found a snail-covered altar of Cheibriados.
    89 | D:5      | Slain by a sky beast

Illustrated notes

Levels and vault maps discovered:
D:5:      layout_rooms, grunt_temple_overflow_diamond,
          minmay_temple_entry_enclosed_plants

Action                   || total
-------------------------++-------
Melee: Falchion          ||     1
Armor: Leather armour    ||     6

Table legend: (Time is in decaauts)
 A = Elapsed time spent in this place.
 B = Non-inter-level travel time spent in this place.
 C = Inter-level travel time spent in this place.
 D = Time resting spent in this place.
 E = Time spent auto-exploring this place.
 F = Levels seen in this place.
 G = Mean time per level.
                   A        B        C        D        E       F      G
               +--------+--------+--------+--------+--------+-----+--------+
         Total |     89 |     89 |      0 |      0 |     13 |   1 |   89.0 |
       Dungeon |     89 |     89 |      0 |      0 |     13 |   1 |   89.0 |
               +--------+--------+--------+--------+--------+-----+--------+

Top non-repeatable levels by time:
     D:5: 89 daAuts
